 Dungeon Crawl Stone Soup version 0.19.5 (webtiles) character file.

162 Chifra the Skirmisher (level 5, 0/42 HPs)
             Began as a Demonspawn Fighter on Apr 12, 2017.
             Killed by nerve-wracking pain
             ... invoked by Grinder
              (6 damage)
             ... on level 4 of the Dungeon.
             The game lasted 00:09:34 (2651 turns).

Chifra the Skirmisher (Demonspawn Fighter)          Turns: 2651, Time: 00:09:35

Health: 0/42       AC:  7    Str: 16    XL:     5   Next: 19%
Magic:  5/5        EV: 10    Int: 10    God:
Gold:   101        SH:  0    Dex: 13    Spells: 0 memorised, 4 levels left

rFire  . . .     SeeInvis .       - Unarmed
rCold  . . .     Gourm    .     b - +0 scale mail
rNeg   . . .     Faith    .     (no shield)
rPois  +         Spirit   .     (no helmet)
rElec  .         Reflect  .     (no cloak)
rCorr  .         Harm     .     (gloves unavailable)
MR     .....                    h - +0 pair of boots
Stlth  ..........               (no amulet)
                                (no ring)
                                e - ring of poison resistance

@: no status effects
A: claws 3, demonic guardian 1
a: no special abilities


You were on level 4 of the Dungeon.
You were hungry.

You visited 1 branch of the dungeon, and saw 4 of its levels.

You collected 101 gold pieces.

Inventory:

Hand Weapons
 m - a +0 rapier
Armour
 b - a +0 scale mail (worn)
 h - a +0 pair of boots (worn)
 j - a +0 leather armour
Jewellery
 e - a ring of poison resistance (left claw)
 k - an uncursed amulet of regeneration {unknown}
Scrolls
 a - a scroll of amnesia
 n - a scroll of noise
 q - a scroll of recharging
 s - 2 scrolls of teleportation
 t - a scroll of blinking {unknown}
Potions
 d - a potion of might
 i - a potion of curing {unknown}
 l - a potion of brilliance {unknown}
 o - a potion of agility
 p - a potion of ambrosia {unknown}
 r - a potion of lignification {unknown}
Comestibles
 f - 3 bread rations
 g - a beef jerky
 u - a chunk of flesh


   Skills:
 + Level 3.7 Fighting
 - Level 0.5(1.4) Short Blades
   Level 2.1 Long Blades
 - Level 3.1 Armour
 + Level 1.5 Dodging
   Level 3.0 Shields
 * Level 2.4 Unarmed Combat


You had 4 spell levels left.
You didn't know any spells.

Dungeon Overview and Level Annotations

Branches:
Dungeon (4/15)
 Temple: D:4-7

Altars:
Qazlal
Zin

Shops:
D:2 *

Annotations:
D:4 Grinder


Innate Abilities, Weirdness & Mutations

You have claws for hands.
A weak demonic guardian rushes to your aid.


Message History

Grinder gestures at you. Pain shoots through your body!
* * * LOW HITPOINT WARNING * * *
Okay, then.
You swap places.
Your ufetubus closely misses Grinder.
Your ufetubus hits Grinder. Grinder hits your ufetubus!
Your ufetubus dies!
Grinder shouts!
Grinder blinks!
You swap places.
Grinder hits your shadow imp.
Your shadow imp hits Grinder.
Grinder hits your shadow imp.
Your shadow imp barely misses Grinder.
Grinder gestures at you.
Your shadow imp suddenly stops moving!
Grinder blinks!
You see here a worker ant corpse.
Grinder gestures at you. Pain shoots through your body!
You die...

.#.## ..#. ... #.#
#########.#####
...#####.....§.......#
#...>...#######§###.# #
...####..†..5..5.###.##.
###@##########......
#.........####......
.....#.#.###...........
#.#####)..# #....#..>..#
#.#.# #....[......
#.#......#.###.#..
#.###.#..#.# #<... #.#
#.#..#.# #.... #. #
#..#.# #....


You could see Grinder.

Vanquished Creatures
  Jessica (D:3)
  Terence (D:3)
  A worker ant (D:4)
  2 adders (D:3)
  An ooze (D:3)
  2 worms (D:2)
  A dart slug (D:3)
  A leopard gecko (D:1)
  3 bats
  2 giant cockroaches
  5 goblins
  8 hobgoblins
  2 jackals (D:1)
  A ball python (D:3)
  4 frilled lizards
  8 kobolds
  4 rats
47 creatures vanquished.

Vanquished Creatures (collateral kills)
  A crimson imp (D:4)
1 creature vanquished.

Grand Total: 48 creatures vanquished

Notes
Turn   | Place    | Note
-------+----------+-------------------------------------------
     0 | D:1      | Chifra the Demonspawn Fighter began the quest for the Orb.
     0 | D:1      | Reached XP level 1. HP: 18/18 MP: 1/1
   434 | D:1      | Gained mutation: A weak demonic guardian rushes to your aid. [demonic ancestry]
   434 | D:1      | Reached XP level 2. HP: 21/24 MP: 2/2
  1223 | D:2      | Found Zin's Purification Station.
  1227 | D:2      | Found a glowing silver altar of Zin.
  1333 | D:2      | Noticed an air elemental
  1354 | D:2      | Noticed an earth elemental
  1356 | D:2      | Found a stormy altar of Qazlal.
  1358 | D:2      | Noticed a water elemental
  1358 | D:2      | Noticed a fire elemental
  1506 | D:2      | Gained mutation: You have sharp fingernails. [demonic ancestry]
  1506 | D:2      | Reached XP level 3. HP: 25/29 MP: 3/3
  1610 | D:3      | Noticed Terence
  1628 | D:3      | Killed Terence
  1672 | D:3      | Reached skill level 1 in Unarmed Combat
  1998 | D:3      | Gained mutation: You have very sharp fingernails. [demonic ancestry]
  1998 | D:3      | Reached XP level 4. HP: 34/35 MP: 4/4
  2156 | D:3      | Noticed Jessica
  2165 | D:3      | Killed Jessica
  2165 | D:3      | Reached skill level 1 in Dodging
  2561 | D:4      | Gained mutation: You have claws for hands. [demonic ancestry]
  2561 | D:4      | Reached XP level 5. HP: 38/41 MP: 5/5
  2618 | D:4      | Noticed Grinder
  2627 | D:4      | Paralysed by Grinder for 3 turns
  2651 | D:4      | Killed from afar by Grinder

Skill      XL: |  1  2  3  4 |
---------------+-------------+-----
Long Blades    | 2 |  2.1
Armour         | 3 |  3.1
Shields        | 3 |  3.0
Unarmed Combat | 1 2 |  2.4
Dodging        | 1 |  1.5
Fighting       | |  3.7
Short Blades   | |  0.5

Action                   |  1- 3 |  4- 6 || total
-------------------------+-------+-------++-------
Melee: Long sword        |   117 |    50 ||   167
       Unarmed           |       |    15 ||    15
  Use: Scroll            |     4 |       ||     4
  Eat: Chunk             |     3 |     2 ||     5
Armor: Scale mail        |    61 |    20 ||    81
Dodge: Dodged            |    42 |    17 ||    59
Block: Shield            |    61 |    19 ||    80
       Rpst.: Long sword |    19 |     4 ||    23
